 Dungeon Crawl Stone Soup version 0.21-a0-28-g9a7844a (webtiles) character file.

120000 Eptagon the Imperceptible (level 16, -7/93 HPs)
             Began as a Spriggan Enchanter on May 24, 2017.
             Was the Champion of Dithmenos.
             Mangled by a tarantella (8 damage)
             ... on level 1 of the Spider Nest on May 26, 2017.
             The game lasted 01:34:21 (27703 turns).

Eptagon the Imperceptible (Spriggan Enchanter)     Turns: 27703, Time: 01:34:22

Health: -7/93      AC:  9    Str:  9    XL:     16   Next: 29%
Magic:  28/31      EV: 14    Int: 19    God:    Dithmenos [******]
Gold:   403        SH:  0    Dex: 16    Spells: 4/36 levels left

rFire    + . .     SeeInvis +   a - +9 short sword of Exzenih {venom, +Fly MR- Stlth+}
rCold    + . .     Gourm    .   c - +1 buckler {reflect}
rNeg     . . .     Faith    .   A - +0 troll leather armour
rPois    .         Spirit   .   (helmet restricted)
rElec    +         Reflect  +   R - +1 cloak of Starlight {rElec rC+ EV+4 Stlth--}
rCorr    .         Harm     .   (gloves unavailable)
MR       +....                  (boots unavailable)
Stlth    ++++++++++             N - amulet of regeneration
Regen    1.1/turn               r - ring of wizardry
MPRegen  0.3/turn               s - +2 ring of protection

@: held, wreathed by umbra, very quick
A: unfitting armour, hooves 1, see invisible, blink, fire resistance 1,
herbivore 3, speed 3, robust 1, slow metabolism 2, MP-powered wands
a: Blink, Shadow Step, Shadow Form, Renounce Religion, Evoke Flight


You were on level 1 of the Spider Nest.
You worshipped Dithmenos.
Dithmenos was exalted by your worship.
You were not hungry.

You visited 4 branches of the dungeon, and saw 24 of its levels.

You collected 2587 gold pieces.
You spent 2184 gold pieces at shops.

Inventory:

Hand Weapons
 a - the +9 short sword of Exzenih (weapon) {venom, +Fly MR- Stlth+}
   (You bought it in a shop on level 10 of the Dungeon)

   It poisons the flesh of those it strikes.
   It affects your resistance to hostile enchantments.
   It lets you fly.
   It makes you more stealthy.
Armour
 c - a +1 buckler of reflection (worn)
 A - a +0 troll leather armour (worn)
 R - the +1 cloak of Starlight (worn) {rElec rC+ EV+4 Stlth--}
   (You bought it in a shop on level 2 of the Orcish Mines)

   It affects your evasion (+4).
   It protects you from cold.
   It insulates you from electricity.
   It makes you much less stealthy.
Jewellery
 r - a ring of wizardry (left hand)
 s - a +2 ring of protection (right hand)
 x - an uncursed ring of protection from fire
 N - an amulet of regeneration (around neck)
Wands
 b - a wand of iceblast (8/15)
 f - a wand of lightning (6/15)
 B - a wand of iceblast (10/15)
 G - a wand of lightning (6/15)
 J - a wand of digging (7/24)
 Q - a wand of digging (13/24)
 S - a wand of paralysis (9/24)
 T - a wand of paralysis (9/24)
 W - a wand of enslavement (16/24)
Scrolls
 g - 10 scrolls of teleportation
 h - 2 scrolls of summoning
 k - 7 scrolls of recharging
 l - a scroll of fear
 m - 8 scrolls of remove curse
 p - 4 scrolls of blinking
 q - 5 scrolls of enchant armour
 t - 3 scrolls of magic mapping
 I - 4 scrolls of enchant weapon
 U - a scroll of fog
 V - 2 scrolls of immolation {unknown}
 Y - a scroll of holy word
Potions
 e - 3 potions of invisibility
 i - a potion of might
 n - 7 potions of haste
 o - 9 potions of curing
 u - 2 potions of berserk rage
 v - 4 potions of lignification
 w - 4 potions of ambrosia
 z - 5 potions of brilliance
 C - a potion of magic
 D - 2 potions of flight
 E - 3 potions of cancellation
 F - a potion of resistance
 H - a potion of mutation
 L - 3 potions of heal wounds
 O - 2 potions of agility
Miscellaneous
 y - a lightning rod (inert)
 K - a phial of floods
Comestibles
 d - 17 bread rations
 j - 16 fruits


   Skills:
 + Level 10.0 Fighting
 - Level 8.0 Short Blades
 + Level 5.6 Armour
 - Level 9.0 Dodging
 + Level 21.5 Stealth
 + Level 6.9 Shields
 - Level 10.7 Spellcasting
 + Level 17.6 Hexes


You had 4 spell levels left.
You knew the following spells:

 Your Spells              Type           Power        Failure   Level  Hunger
a - Apportation           Tloc           ##....       4%          1    None
b - Ensorcelled Hibernat  Hex/Ice        #####.       1%          2    None
c - Confuse               Hex            ######..     0%          3    None
d - Tukima's Dance        Hex            ######..     0%          3    None
f - Cause Fear            Hex            ######....   1%          4    ##.....
m - Deflect Missiles      Chrm/Air       ##........   99%         6    ######.
s - Dazzling Spray        Conj/Hex       #####.       1%          3    None
B - Blink                 Tloc           N/A          6%          2    None
D - Discord               Hex            ######....   17%         8    #######


Dungeon Overview and Level Annotations

Branches:
Dungeon (15/15)            Temple (0/1) D:6            Lair (6/6) D:11
 Shoals (0/4) Lair:4       Spider (1/4) Lair:4        Slime (0/5) Lair:5
    Orc (2/2) D:11            Elf (0/3) Orc:2        Vaults (0/5) D:14
 Depths (0/5) D:15

Altars:
Dithmenos
Elyvilon
Qazlal
Ru
Sif Muna
Uskayaw
Xom
Yredelemnul
The Shining One
Beogh

Shops:
D:10 (   D:12 !   D:14 [   D:15 [   Orc:2 (*[:!

Annotations:
Spider:1 exclusion: Roxanne, Roxanne


Innate Abilities, Weirdness & Mutations

You are very small and have problems with some larger weapons.
You are too small for most types of armour.
You have supernaturally acute eyesight. (SInv)
You are a herbivore.
You cover ground extremely quickly.
You need consume almost no food.
You have large cloven feet.
You can translocate small distances at will.
Your flesh is heat resistant. (rF+)
You are robust. (+10% HP)
You expend magic power (3 MP) to strengthen your wands.


Message History

The spray of energy hits the jumping spider.
The jumping spider is almost dead.
The jumping spider is dazzled.
Your shadow mimicks your spell!
The shadow shard hits the jumping spider.
You kill the jumping spider!
Dithmenos accepts your kill.
The tarantella hisses angrily.
You hear an angry hiss. x2
The jumping spider pounces on you.
* * * LOW HITPOINT WARNING * * *
The jumping spider misses you. The jumping spider pounces on you!
* * * LOW HITPOINT WARNING * * *
You are even more entangled.
The jumping spider bites you but does no damage.
A tarantella comes into view.
You struggle to detach yourself from the web.
The jumping spider pounces on you!
* * * LOW HITPOINT WARNING * * *
The jumping spider closely misses you. The tarantella bites you!
You die...

....... ## ##.s...
........##.## #...(s.
#......##...#####....#
#.....).........#^§..#.
#......§......###sss..
#...§s...§..#.##s#^.
#§§§#...§........#.^
#§§§§§..........#^.
#§@s§..†........##.
#s§§.§......§...^##
#.....s..§....#.........
#....§.§......###......(
####.....##.....#.......
........#.....##......
##......###.....##.....
#......# ##...## .....
.......# ....# ###..


You could see an orb spider, a jumping spider (blind) and 2 tarantellas.

Vanquished Creatures
  Saint Roka (Orc:2)
  Rupert (D:14)
  A storm dragon (D:13)
  Nessos (Orc:2)
  3 dire elephants (Lair:6)
  Snorg (Orc:2)
  2 ettins
  5 hydras
  Josephine (Lair:5)
  Harold (Lair:3)
  Fannar (Orc:1)
  A catoblepas (D:13)
  An anaconda (Lair:6)
  Erica (Orc:1)
  2 dancing weapons (D:14)
  An ogre mage (D:13)
  6 centaur warriors
  A death yak (shapeshifter) (D:13)
  7 tengu warriors (D:15)
  10 two-headed ogres
  Urug (D:13)
  An orc high priest (Orc:2)
  A deep elf knight (Orc:2)
  Sonja (D:11)
  3 skeletal warriors (D:15)
  A fire crab (shapeshifter) (D:13)
  The ghost of Welfe the Covered, a novice BaSu of Vehumet (D:8)
  3 unseen horrors
  A flayed ghost (D:13)
  A deep troll (D:15)
  A deep elf archer (D:15)
  A phantasmal warrior (D:13)
  3 wolf spiders
  4 orc knights
  3 ugly things
  A manticore (D:13)
  5 orc sorcerers (Orc:2)
  4 harpies (D:15)
  7 oklob plants
  A deep elf mage (Orc:2)
  3 cyclopes
  A moth of wrath (shapeshifter) (D:13)
  Maurice (D:12)
  16 elephants
  2 merfolk sirens (Lair:4)
  A black mamba (Lair:6)
  12 spiny frogs
  2 gargoyles (D:13)
  4 centaur skeletons
  A komodo dragon (shapeshifter) (D:13)
  3 rime drakes
  7 komodo dragons
  5 yaktaurs
  2 kobold demonologists
  2 tengu conjurers (D:15)
  10 trolls
  2 merfolk
  Prince Ribbit (D:7)
  5 jumping spiders
  8 polar bears
  5 hornets
  13 hippogriffs
  5 slime creatures (D:15)
  13 blink frogs
  The ghost of rexbael the Magician, an amateur DEFE (D:3)
  13 spriggans
  4 redbacks
  2 wyverns
  4 wraiths
  4 hogs (D:7)
  A spriggan (shapeshifter) (D:13)
  Eustachio (D:6)
  48 yaks
  A hog (shapeshifter) (D:15)
  A human (D:7)
  3 hungry ghosts
  3 basilisks
  16 vampire mosquitoes
  A warg (Orc:2)
  A soldier ant (D:10)
  12 water moccasins
  A warg (shapeshifter) (D:13)
  10 porcupines
  6 sky beasts
  34 orc warriors
  2 ice beasts
  3 phantoms
  2 black bears
  18 ogres
  3 boggarts (Lair:5)
  2 eyes of draining
  21 centaurs
  11 crocodiles
  A big kobold (D:12)
  A gnoll sergeant (D:9)
  24 bullfrogs
  A wyvern skeleton (D:10)
  A water moccasin skeleton (D:9)
  8 scorpions
  18 killer bees
  10 wights
  4 howler monkeys
  5 electric eels (D:14)
  10 crimson imps
  A centaur zombie (D:11)
  A bullfrog skeleton (D:12)
  4 hounds
  A bullfrog zombie (D:9)
  22 orc priests
  A jelly (D:15)
  28 orc wizards
  3 gnoll shamans
  Natasha (thrice) (D:2)
  3 iguanas
  7 worker ants
  A hound zombie (D:5)
  2 hound skeletons (D:4)
  2 howler monkey zombies
  18 gnolls
  8 adders
  A howler monkey skeleton (D:5)
  5 shadow imps
  2 adder zombies
  4 worms
  4 dart slugs
  12 leopard geckos
  97 orcs
  8 goblins
  6 hobgoblins
  20 jackals
  4 quokkas
  2 ball pythons
  9 bats
  7 frilled lizards
  2 gnoll zombies (D:5)
  13 kobolds
  11 rats
  5 plants (Lair:6)
845 creatures vanquished.

Vanquished Creatures (collateral kills)
  2 skeletal warriors (D:15)
  A wight (D:15)
3 creatures vanquished.

Vanquished Creatures (others)
  2 dancing weapons (D:15)
  A yaktaur (D:15)
  An orc priest (Orc:2)
  A bullfrog skeleton (D:12)
  2 orcs (Orc:2)
  A quokka (D:14)
  7 fungi
  15 plants
30 creatures vanquished.

Grand Total: 878 creatures vanquished

Notes
Turn   | Place    | Note
-------+----------+-------------------------------------------
     0 | D:1      | Eptagon the Spriggan Enchanter began the quest for the Orb.
     0 | D:1      | Reached XP level 1. HP: 9/9 MP: 5/5
    96 | D:1      | Reached XP level 2. HP: 12/13 MP: 6/6
   100 | D:1      | Learned a level 2 spell: Ensorcelled Hibernation
   134 | D:1      | Reached skill level 5 in Stealth
   658 | D:1      | Reached XP level 3. HP: 11/16 MP: 8/8
   663 | D:1      | Learned a level 3 spell: Confuse
  1668 | D:2      | Found a shimmering altar of Xom.
  1736 | D:2      | Found a deep blue altar of Sif Muna.
  1805 | D:2      | Found a shadowy altar of Dithmenos.
  1828 | D:2      | Became a worshipper of Dithmenos the Shadowed
  1845 | D:2      | Reached skill level 6 in Stealth
  1913 | D:2      | Noticed Natasha
  1917 | D:2      | Killed Natasha
  1917 | D:2      | Reached XP level 4. HP: 21/21 MP: 8/10
  1959 | D:2      | Noticed Natasha
  1969 | D:2      | Killed Natasha
  2391 | D:2      | Noticed Natasha
  2808 | D:2      | Killed Natasha
  2808 | D:2      | Reached skill level 5 in Hexes
  2808 | D:2      | Reached XP level 5. HP: 13/24 MP: 5/12
  2932 | D:3      | Noticed rexbael's ghost (amateur DEFE)
  3574 | D:3      | Killed rexbael's ghost
  3574 | D:3      | Reached skill level 7 in Stealth
  3574 | D:3      | Reached skill level 5 in Spellcasting
  3574 | D:3      | Reached XP level 6. HP: 20/28 MP: 3/14
  3700 | D:3      | Reached * piety under Dithmenos
  4219 | D:4      | Found a glowing golden altar of the Shining One.
  4326 | D:4      | Reached skill level 8 in Stealth
  4520 | D:4      | Reached XP level 7. HP: 31/32 MP: 11/16
  4572 | D:5      | Entered Level 5 of the Dungeon
  4581 | D:5      | Reached ** piety under Dithmenos
  4629 | D:5      | Found a basalt altar of Yredelemnul.
  5337 | D:5      | Learned a level 3 spell: Dazzling Spray
  5343 | D:5      | Learned a level 3 spell: Tukima's Dance
  5364 | D:5      | Reached skill level 9 in Stealth
  5432 | D:5      | Got an iridescent dagger
  5437 | D:5      | Identified the cursed +1 dagger of Zasu {vamp, Int-2 Dex+2 Stlth+} (You found it on level 5 of the Dungeon)
  5611 | D:5      | Reached XP level 8. HP: 36/36 MP: 2/19
  6077 | D:6      | Noticed Eustachio
  6164 | D:5      | Reached skill level 10 in Stealth
  6354 | D:6      | Found a staircase to the Ecumenical Temple.
  6605 | D:6      | Killed Eustachio
  6618 | D:7      | Noticed a hippogriff
  6628 | D:7      | Killed a hippogriff
  6628 | D:7      | Reached skill level 11 in Stealth
  6629 | D:7      | Upgraded the game from 0.21-a0-19-g210df22 to 0.21-a0-24-ga372141
  6779 | D:7      | Reached XP level 9. HP: 39/39 MP: 22/22
  6812 | D:7      | Noticed Prince Ribbit
  6820 | D:7      | Killed Prince Ribbit
  6845 | D:7      | Found a hide-covered altar of Uskayaw.
  6861 | D:7      | Reached *** piety under Dithmenos
  6923 | D:7      | Reached skill level 12 in Stealth
  7078 | D:7      | Reached skill level 10 in Hexes
  7260 | D:7      | Reached skill level 13 in Stealth
  7447 | D:7      | Found a white marble altar of Elyvilon.
  7625 | D:8      | Noticed Welfe's ghost (novice BaSu)
  7881 | D:8      | Reached skill level 10 in Spellcasting
  7885 | D:8      | Reached XP level 10. HP: 44/44 MP: 23/25
  7985 | D:8      | Found a sacrificial altar of Ru.
  8028 | D:8      | You fall through a shaft for 3 floors!
  8028 | D:11     | Noticed Sonja
  8032 | D:11     | Killed Sonja
  8066 | D:11     | Reached **** piety under Dithmenos
  8115 | D:11     | Reached skill level 14 in Stealth
  8192 | D:10     | Entered Level 10 of the Dungeon
  8283 | D:9      | Noticed a two-headed ogre
  8290 | D:9      | Killed a two-headed ogre
  8356 | D:8      | Killed Welfe's ghost
  8452 | D:8      | Reached skill level 15 in Stealth
  8600 | D:8      | Gained mutation: You can translocate small distances at will. [potion of mutation]
  8600 | D:8      | Gained mutation: You are occasionally teleported next to monsters. [potion of mutation]
  8600 | D:8      | Gained mutation: You have a pair of small antennae on your head. [potion of mutation]
  8600 | D:8      | Gained mutation: Your spells are a little harder to cast, but a little more powerful. [potion of mutation]
  8601 | D:8      | Lost mutation: You have a pair of small antennae on your head. [potion of mutation]
  8601 | D:8      | Lost mutation: Your spells are a little harder to cast, but a little more powerful. [potion of mutation]
  8601 | D:8      | Lost mutation: You are occasionally teleported next to monsters. [potion of mutation]
  8601 | D:8      | Gained mutation: You have large cloven feet. [potion of mutation]
  8601 | D:8      | Gained mutation: You are robust. (+10% HP) [potion of mutation]
  8601 | D:8      | Gained mutation: You expend magic power (3 MP) to strengthen your wands. [potion of mutation]
  8601 | D:8      | Gained mutation: Your flesh is heat resistant. (rF+) [potion of mutation]
  8996 | D:9      | Reached skill level 1 in Fighting
  9264 | D:9      | Noticed a two-headed ogre
  9279 | D:9      | Killed a two-headed ogre
  9279 | D:9      | Reached XP level 11. HP: 53/53 MP: 20/26
  9660 | D:10     | Found Izuntek's Antique Weapon Shoppe.
  9667 | D:10     | Bought an encrusted short sword for 256 gold pieces
  9667 | D:10     | Identified the +9 short sword of Exzenih {venom, +Fly MR- Stlth+} (You bought it in a shop on level 10 of the Dungeon)
 10435 | D:11     | Reached ***** piety under Dithmenos
 11090 | D:11     | Reached skill level 16 in Stealth
 11251 | D:11     | Found a staircase to the Lair.
 11414 | D:11     | Found a roughly hewn altar of Beogh.
 11760 | D:11     | Found a staircase to the Orcish Mines.
 11836 | Lair:1   | Entered Level 1 of the Lair of Beasts
 12670 | Lair:2   | Noticed an eight-headed hydra
 12684 | Lair:2   | Killed an eight-headed hydra
 12732 | Lair:2   | Reached skill level 5 in Short Blades
 12737 | Lair:2   | Reached XP level 12. HP: 59/63 MP: 24/27
 12832 | Lair:2   | Reached skill level 17 in Stealth
 13074 | Lair:2   | Found a stormy altar of Qazlal.
 13447 | Lair:3   | Noticed Harold
 13454 | Lair:3   | Killed Harold
 13477 | Lair:3   | Reached skill level 5 in Fighting
 13591 | Lair:3   | Noticed a four-headed hydra
 13637 | Lair:3   | Killed a four-headed hydra
 13930 | Lair:3   | Found a deep blue altar of Sif Muna.
 13954 | Lair:3   | Reached ****** piety under Dithmenos
 14704 | Lair:4   | Found a staircase to the Shoals.
 14927 | Lair:4   | Reached skill level 18 in Stealth
 15181 | Lair:4   | Upgraded the game from 0.21-a0-24-ga372141 to 0.21-a0-28-g9a7844a
 15207 | Lair:4   | Found a hole to the Spider Nest.
 15317 | Lair:4   | Reached XP level 13. HP: 40/71 MP: 2/28
 15812 | Lair:4   | Identified the +7 broad axe of Xorieti {venom, MR+} (You found it on level 4 of the Lair of Beasts)
 15972 | Lair:5   | Learned a level 8 spell: Discord
 15979 | Lair:5   | Learned a level 6 spell: Deflect Missiles
 15985 | Lair:5   | Learned a level 4 spell: Cause Fear
 15993 | Lair:5   | Identified a scroll of acquirement
 16148 | Lair:5   | Reached skill level 5 in Dodging
 16154 | Lair:5   | Reached skill level 15 in Hexes
 16485 | Lair:5   | Reached skill level 1 in Shields
 16545 | Lair:5   | Found a staircase to the Slime Pits.
 17142 | Lair:6   | Entered Level 6 of the Lair of Beasts
 17165 | Lair:6   | Reached skill level 19 in Stealth
 17257 | Lair:6   | Noticed Josephine
 17396 | Lair:5   | Killed Josephine
 17833 | Lair:6   | Learned a level 2 spell: Blink
 17962 | Lair:6   | Reached XP level 14. HP: 79/79 MP: 21/29
 19473 | D:10     | Bought a brightly glowing double sword for 640 gold pieces
 19478 | D:10     | Identified the cursed +1 double sword "Yssohyxt" {protect, MR+ Dex+7} (You bought it in a shop on level 10 of the Dungeon)
 19543 | Orc:1    | Entered Level 1 of the Orcish Mines
 19663 | Orc:1    | Noticed Fannar
 19855 | Orc:1    | Killed Fannar
 20041 | Orc:1    | Noticed Erica
 20043 | Orc:1    | Killed Erica
 20123 | Orc:2    | Entered Level 2 of the Orcish Mines
 20123 | Orc:2    | Found a staircase to the Elven Halls.
 20123 | Orc:2    | Found Qaah's Distillery.
 20143 | Orc:2    | Bought a potion of flight for 42 gold pieces
 20143 | Orc:2    | Bought a potion of heal wounds for 70 gold pieces
 20143 | Orc:2    | Bought a potion of heal wounds for 70 gold pieces
 20143 | Orc:2    | Bought a potion of brilliance for 56 gold pieces
 20143 | Orc:2    | Bought a potion of invisibility for 112 gold pieces
 20221 | Orc:2    | Noticed Snorg
 20224 | Orc:2    | Killed Snorg
 20224 | Orc:2    | Reached skill level 1 in Armour
 20575 | Orc:2    | Found a roughly hewn altar of Beogh.
 20577 | Orc:2    | Noticed Nessos
 20607 | Orc:2    | Killed Nessos
 20837 | Orc:2    | Reached skill level 20 in Stealth
 20976 | Orc:2    | Noticed Saint Roka
 21426 | Orc:2    | Killed Saint Roka
 21481 | Orc:2    | Found Paqunuackifa's Antique Weapon Emporium.
 21752 | Orc:2    | Found Sapp's Antique Armour Emporium.
 21767 | Orc:2    | Found Jaeps's Book Emporium.
 21872 | Orc:2    | Found Poihued's General Store.
 22231 | D:12     | Reached skill level 5 in Shields
 22295 | D:12     | Reached XP level 15. HP: 60/85 MP: 3/30
 22636 | D:12     | Found Zitec's Distillery.
 22928 | D:12     | Bought a potion of agility for 48 gold pieces
 23170 | D:12     | Noticed Maurice
 23177 | D:12     | Killed Maurice
 23516 | Orc:2    | Bought the +1 cloak of Starlight {rElec rC+ EV+4 Stlth--} for 890 gold pieces
 23736 | D:13     | Noticed Urug
 23750 | D:13     | Killed Urug
 24354 | D:13     | Noticed a storm dragon
 24693 | D:13     | Killed a storm dragon
 24842 | D:13     | Learned a level 1 spell: Apportation
 25004 | D:13     | Reached skill level 21 in Stealth
 25148 | D:14     | Found Kotogem's Armour Shop.
 25423 | D:14     | Found a gate to the Vaults.
 25625 | D:14     | Noticed Rupert
 25643 | D:14     | Killed Rupert
 25668 | D:14     | Found a white marble altar of Elyvilon.
 26085 | D:15     | Entered Level 15 of the Dungeon
 26155 | D:15     | Found Neghyac's Antique Armour Shop.
 26250 | D:15     | Reached skill level 5 in Armour
 26341 | D:15     | Reached XP level 16. HP: 77/92 MP: 3/31
 26577 | D:15     | Found a staircase to the Depths.
 27131 | D:15     | Reached skill level 10 in Fighting
 27655 | Spider:1 | Entered Level 1 of the Spider Nest
 27655 | Spider:1 | Noticed Roxanne
 27680 | Spider:1 | Paralysed by a hornet for 2 turns
 27703 | Spider:1 | HP: 1/93 [jumping spider (14)]
 27703 | Spider:1 | Mangled by a tarantella

Vault maps used:
D:1:      dpeg_arrival_renting, minmay_small_reverse_x
D:2:      grunt_dithmenos_smoke, lemuel_blue_sif_altar, xom_teletrap_fun,
          uniq_natasha
D:4:      lemuel_crystal_altar
D:5:      kennysheep_spiral_hall, lemuel_zombie_altar_yredelemnul, first_bread,
          minmay_misc_feat_cross
D:6:      minmay_temple_entry_overgrown, uniq_eustachio
D:7:      lemuel_round_altar, basic_altar, grunt_livestock, uniq_prince_ribbit1
D:8:      nicolae_ru_great_annihilating_truth, st_stairs_11
D:9:      hangedman_abyss_or_decor_stagger
D:10:     serial_shops, shop
D:11:     grunt_lair_entry_orc_guard_hut, david_orc_5, uniq_sonja
D:12:     serial_shops, shop, centaur_isle, uniq_maurice
D:13:     minmay_expanding_circles, uniq_urug
D:14:     statuecave_lemuel, erik_vaults_1, serial_shops,
          nicolae_shop_statue_plus, nicolae_twisting_strands, elyvilon_altar_4,
          uniq_rupert
D:15:     hangedman_depths_entry_civil_slaughter, serial_shops, shop,
          hangedman_aviary
Lair:2:   basic_altar, grunt_forest_small_clearing_treed, lemuel_fruit_tree
Lair:3:   wad_woods_stonehenge, grunt_forest_large_clearing_hut,
          infiniplex_staircase_pool, uniq_harold
Lair:4:   elwin_shoals_entry_stream, spider_nest_entry_funnel_web,
          minmay_lair_oklob_chamber
Lair:5:   kb_forest_paths, minmay_slime_entry_oklob_enclosed
Lair:6:   due_jungle_book, grunt_megastairs_1, serial_bayou_shore_b,
          infiniplex_staircase_pool_2, uniq_josephine
Spider:1: uniq_roxanne
Orc:1:    uniq_erica, uniq_fannar
Orc:2:    grunt_orc_cross, serial_shops, shop, nicolae_orc_stony_grotto,
          lightli_orcish_oven, uniq_snorg, uniq_nessos

Skill      XL: |  1  2  3  4  5  6  7  8  9 10 11 12 13 14 15 16 |
---------------+-------------------------------------------------+-----
Stealth        | 5 6 7 8 9 11 13 15 16 18 19 20 21 | 21.5
Hexes          | 4 5 6 7 8 10 12 13 14 15 16 17 | 17.6
Spellcasting   | 3 4 5 6 8 10 | 10.7
Fighting       | 1 4 6 7 8 9 10 | 10.0
Short Blades   | 5 8 |  8.0
Dodging        | 7 9 |  9.0
Shields        | 3 5 6 |  6.9
Armour         | 2 5 |  5.6

Action                   |  1- 3 |  4- 6 |  7- 9 | 10-12 | 13-15 | 16-18 || total
-------------------------+-------+-------+-------+-------+-------+-------++-------
Melee: Dagger            |   194 |    94 |   147 |   145 |       |       ||   580
       Long sword        |       |    58 |    13 |       |       |       ||    71
       Short sword       |       |       |       |   246 |  1007 |   159 ||  1412
       Kick              |       |       |       |    37 |   225 |    39 ||   301
 Cast: Ensorcelled Hiber |    21 |    30 |    61 |   125 |   129 |     1 ||   367
       Confuse           |     1 |    21 |    29 |    30 |    91 |     3 ||   175
       Dazzling Spray    |       |       |     3 |    36 |    98 |     3 ||   140
       Tukima's Dance    |       |       |       |     3 |     9 |    13 ||    25
       Cause Fear        |       |       |       |       |     2 |       ||     2
 Abil: Evoke Flight      |       |       |       |       |     3 |       ||     3
Evoke: Wand              |       |       |       |       |     2 |       ||     2
       Lightning rod     |       |       |       |       |       |     4 ||     4
  Use: Scroll            |       |       |    12 |    13 |    15 |       ||    40
       Potion            |       |       |       |     2 |     2 |     1 ||     5
 Stab: Sleeping          |    21 |    20 |    64 |   122 |   162 |    13 ||   402
       Distracted        |     1 |     2 |       |     5 |    15 |       ||    23
       Confused          |     1 |     3 |    12 |    20 |    61 |     5 ||   102
       Invisible         |       |       |       |     9 |    26 |       ||    35
  Eat: Bread ration      |       |     1 |       |       |       |       ||     1
       Fruit             |       |       |     3 |       |     4 |     2 ||     9
       Royal jelly       |       |       |     3 |     3 |     4 |       ||    10
Armor: Robe              |    40 |    10 |     7 |    28 |    15 |       ||   100
       Troll leather arm |       |       |       |       |    35 |    18 ||    53
Dodge: Dodged            |   207 |   139 |    96 |   245 |   655 |   133 ||  1475
Block: Buckler           |       |       |       |       |   153 |    58 ||   211
       Reflection        |       |       |       |       |     8 |       ||     8
       Rpst.: Long sword |       |    17 |     6 |       |       |       ||    23
